 Dungeon Crawl Stone Soup version 0.27-a0-1149-g4505690ab0 (webtiles) character file.

Game seed: 17877602809689128162

4 HoaS the Bolt Thrower (level 1, -1/12 HPs)
             Began as a Kobold Hunter on May 12, 2021.
             Frozen to death by an endoplasm (5 damage)
             ... on level 1 of the Dungeon.
             The game lasted 00:00:35 (516 turns).

HoaS the Bolt Thrower (Kobold Hunter)                Turns: 516, Time: 00:00:36

Health: -1/12      AC:  3    Str:  9    XL:     1   Next: 77%
Magic:  1/1        EV: 14    Int: 12    God:
Gold:   11         SH:  0    Dex: 15    Spells: 0/0 levels left

rFire    . . .     SeeInvis .   b - +0 short sword
rCold    . . .     Faith    .   (shield restricted)
rNeg     . . .     Spirit   .   c - +0 leather armour
rPois    .         Reflect  .   (no helmet)
rElec    .         Harm     .   (no cloak)
rCorr    .         Rampage  .   (no gloves)
Will     .....                  (no boots)
Stlth    +++.......             (no amulet)
HPRegen  0.04/turn              (no ring)
MPRegen  0.07/turn              (no ring)

@: no status effects
A: small, no large weapons, nightstalker 3
a: no special abilities


You were on level 1 of the Dungeon.
You visited 1 branch of the dungeon, and saw 1 of its levels.

You collected 11 gold pieces.

Inventory:

Hand Weapons
 a - a +1 hand crossbow
 b - a +0 short sword (weapon)
Missiles
 d - 20 bolts
Armour
 c - a +0 leather armour (worn)
Potions
 e - a potion of cancellation {unknown}


   Skills:
 - Level 2.1 Fighting
 + Level 0.7 Short Blades
 * Level 5.0 Crossbows
 - Level 2.4 Dodging
 - Level 1.3 Stealth


You couldn't memorise any spells.
You didn't know any spells.
Your spell library was empty.

Dungeon Overview and Level Annotations

Branches:
Dungeon (1/15)

Altars:


Innate Abilities, Weirdness & Mutations

You are small and have problems with some larger weapons.
You are completely attuned to the shadows.


Message History

The rat twitches its whiskers.
The rat bites you but does no damage.
You hit the rat but do no damage.
The rat is heavily wounded.
The rat bites you but does no damage.
You closely miss the rat.
The rat is heavily wounded.
The rat misses you.
You hit the rat.
You kill the rat!
Your Crossbows skill increases to level 5!
You swing at nothing.
You start resting.
HP restored.
There are monsters nearby!
The endoplasm quivers.
The bat closely misses you. The endoplasm barely misses you.
You hit the endoplasm but do no damage. The bat hits you but does no damage.
The endoplasm completely misses you. The bat hits you but does no damage.
The bat barely misses you. The bat hits you but does no damage.
You swing at nothing.
The bat hits you but does no damage.
You swing at nothing.
The bat closely misses you.
You closely miss the bat. The bat hits you but does no damage.
You hit the bat.
You kill the bat!
You barely miss the endoplasm. The endoplasm hits you.
You hit the endoplasm.
The endoplasm is lightly wounded.
The endoplasm hits you.
You hit the endoplasm.
The endoplasm is severely wounded.
The endoplasm freezes you.
You are frozen.
You hit the endoplasm but do no damage.
The endoplasm is severely wounded.
The endoplasm freezes you.
You are frozen.
You die...

# .## ###...
#..... #.#.##
############....#
#........@J......
#.###########...#
#.# #.## #.# .#
### #.# ..# #.#
#.# #.# #.# #.#
## #.# ##.##.##


You could see an endoplasm.

Vanquished Creatures
  A bat (D:1)
  An endoplasm (D:1)
  A goblin (D:1)
  A rat (D:1)
4 creatures vanquished.

Notes
Turn   | Place    | Note
-------+----------+-------------------------------------------
     0 | D:1      | HoaS the Kobold Hunter began the quest for the Orb.
     0 | D:1      | Reached XP level 1. HP: 12/12 MP: 1/1
   389 | D:1      | Reached skill level 5 in Crossbows
   516 | D:1      | Frozen to death by an endoplasm

Illustrated notes

Levels and vault maps discovered:
D:1:      dpeg_arrival_boxes_within_box, layout_loops_corners, nrook_mini_vaults

Skill      XL: |  1 |
---------------+----+-----
Crossbows      | 5 |  5.0
Fighting       | |  2.1
Short Blades   | |  0.7
Dodging        | |  2.4
Stealth        | |  1.3

Action                   || total
-------------------------++-------
Melee: Short sword       ||    16
 Stab: Sleeping          ||     1
Armor: Leather armour    ||     7
Dodge: Dodged            ||     7

Table legend: (Time is in decaauts)
 A = Elapsed time spent in this place.
 B = Non-inter-level travel time spent in this place.
 C = Inter-level travel time spent in this place.
 D = Time resting spent in this place.
 E = Time spent auto-exploring this place.
 F = Levels seen in this place.
 G = Mean time per level.
                   A        B        C        D        E       F      G
               +--------+--------+--------+--------+--------+-----+--------+
         Total |    517 |    517 |      0 |    318 |    159 |   1 |  517.0 |
       Dungeon |    517 |    517 |      0 |    318 |    159 |   1 |  517.0 |
               +--------+--------+--------+--------+--------+-----+--------+

Top non-repeatable levels by time:
     D:1: 517 daAuts
